 Dungeon Crawl Stone Soup version 0.29-a0-393-g47a863cc1b (webtiles) character file.

Game seed: 15048920261295053699

1259 Agony the Shield-Bearer (level 8, -5/71 HPs)
             Began as a Minotaur Fighter on May 10, 2022.
             Was a Follower of Okawaru.
             Slain by an ogre
             ... wielding a +0 giant club
              (22 damage)
             ... on level 6 of the Dungeon.
             The game lasted 00:16:04 (6282 turns).

Agony the Shield-Bearer (Minotaur Fighter)          Turns: 6282, Time: 00:16:04

Health: -5/71      AC: 13    Str: 23    XL:     8   Next: 27%
Magic:  0/7        EV:  8    Int:  5    God:    Okawaru [*.....]
Gold:   206        SH:  6    Dex: 16    Spells: 7/7 levels left

rFire   . . .      SeeInvis .   a - +0 flail
rCold   . . .      Faith    .   c - +0 buckler
rNeg    . . .      Spirit   +   f - +1 plate armour
rPois   .          Reflect  .   (helmet restricted)
rElec   .          Harm     .   (no cloak)
rCorr   .          Rampage  .   (no gloves)
Will    .....                   (no boots)
Stlth   ..........              k - amulet of guardian spirit
HPRegen 0.21/turn               j - +6 ring of dexterity
MPRegen 0.10/turn               s - ring of flight

@: about to teleport, flying
A: horns 2, retaliatory headbutt
a: Renounce Religion, Heroism


You were on level 6 of the Dungeon.
You worshipped Okawaru.
Okawaru was aware of your devotion.
You visited 2 branches of the dungeon, and saw 7 of its levels.
You also visited: Sewer.

You collected 206 gold pieces.

Inventory:

Hand Weapons
 a - a +0 flail (weapon)
 n - a +0 war axe of freezing
 p - a +2 falchion of electrocution
Missiles
 g - 4 javelins (quivered)
Armour
 c - a +0 buckler (worn)
 f - a +1 plate armour (worn)
 y - a +0 cloak
Jewellery
 j - a +6 ring of dexterity (left hand)
 k - an amulet of guardian spirit (around neck)
 s - a ring of flight (right hand)
Wands
 r - a wand of flame (19)
 t - a wand of paralysis (3)
 x - a wand of iceblast (6)
Scrolls
 b - a scroll of brand weapon
 e - 2 scrolls of enchant weapon
 h - 3 scrolls of fog
 l - a scroll of fear
 o - 3 scrolls of teleportation
 q - a scroll of enchant armour
 v - 2 scrolls of identify
Potions
 d - 2 potions of might
 i - 2 potions of resistance {unknown}
 m - a potion of experience {unknown}
 u - 3 potions of haste
 w - 3 potions of brilliance {unknown}


   Skills:
 + Level 6.4 Fighting
 + Level 5.9 Maces & Flails
 + Level 6.4 Armour
 + Level 4.6 Dodging
 + Level 6.4 Shields


You had 7 spell levels left.
You didn't know any spells.
Your spell library contained the following spells:

 Spells                   Type           Power      Damage    Failure   Level
 Apportation              Tloc           0%         N/A       100%        1
 Gell's Gravitas          Tloc           0%         N/A       100%        3
 Lesser Beckoning         Tloc           0%         N/A       100%        3
 Teleport Other           Tloc           0%         N/A       100%        3
 Alistair's Intoxication  Tmut/Pois      0%         N/A       100%        5
 Animate Skeleton         Necr           Unusable   N/A       N/A         1
 Summon Small Mammal      Summ           Unusable   N/A       N/A         1
 Call Canine Familiar     Summ           Unusable   N/A       N/A         3
 Summon Guardian Golem    Hex/Summ       Unusable   N/A       N/A         3

Dungeon Overview and Level Annotations

Branches:
Dungeon (6/15)             Temple (1/1) D:4           Sewer (visited)

Altars:
Ashenzari
Cheibriados
Elyvilon
Fedhas
Gozag
Hepliaklqana
Kikubaaqudgha
Makhleb
Nemelex Xobeh
Okawaru
Qazlal
Ru
Sif Muna
Trog
Uskayaw
Vehumet
Wu Jian
Xom
Yredelemnul
Zin
The Shining One

Shops:
D:4 =([!


Innate Abilities, Weirdness & Mutations

You have a pair of horns on your head.
You reflexively headbutt those who attack you in melee.


Message History

You barely miss something. The orc barely misses you. You furiously retaliate!
You headbutt the orc!
You kill the orc!
Okawaru accepts your kill.
You hear some strange, mumbled words.
Something tries to affect you, but you resist.
You block the orc's attack.
The orc wizard hits you but does no damage.
Something hits you but does no damage. You block the orc wizard's attack.
The orc barely misses you.
The ogre hits you with a +0 giant club!!
You miss something.
You hear some strange, mumbled words.
A puff of flame appears from out of thin air!
The puff of flame misses you. The orc barely misses you.
The orc wizard barely misses you.
You hit something. Okawaru accepts your kill.
Reactivating autopickup.
You feel a bit more experienced.
The ogre hits you with a +0 giant club!!
The orc wizard hits you but does no damage.
The orc hits you but does no damage.
You hit the orc wizard but do no damage.
You block the ogre's attack. The orc hits you but does no damage.
You block the orc wizard's attack.
You barely miss the orc wizard. The orc wizard casts a spell at you.
The puff of flame hits you. The orc hits you but does no damage.
The ogre hits you with a +0 giant club!
* * * LOW HITPOINT WARNING * * *
As you read the scroll of teleportation, it crumbles to dust.
You feel strangely unstable.
The orc wizard hits you but does no damage.
The orc barely misses you.
The orc wizard attacks as you move away!
You block the orc wizard's attack. The ogre attacks as you move away!
The ogre hits you with a +0 giant club!!
You die...

# #. #.. ####
#..### ...#
......##...##.#
#......).....#
#..O).....#
#.@oo....##
#....##...###
#...... ...#
####... ####
#... #... #..>
#...


You could see an ogre, an orc wizard and an orc.

Vanquished Creatures
  2 ogres (D:4)
  A phantom (D:5)
  3 kobold brigands (Sewer)
  2 scorpions (D:5)
  A necrophage (D:5)
  A jelly (D:5)
  An orc priest (D:3)
  A hound (D:4)
  3 iguanas
  Natasha (thrice) (D:4)
  5 orc wizards
  7 adders
  3 gnolls (D:5)
  2 river rats (Sewer)
  A shadow imp (D:5)
  A white imp (D:5)
  9 worms
  4 dart slugs
  14 orcs
  12 ball pythons
  12 endoplasms
  3 giant cockroaches
  9 goblins
  11 hobgoblins
  3 jackals (D:4)
  6 quokkas
  9 bats
  A frilled lizard (D:2)
  6 kobolds
  9 rats
145 creatures vanquished.

Notes
Turn   | Place    | Note
-------+----------+-------------------------------------------
     0 | D:1      | Agony the Minotaur Fighter began the quest for the Orb.
     0 | D:1      | Reached XP level 1. HP: 19/19 MP: 0/0
   237 | D:1      | Reached XP level 2. HP: 22/27 MP: 1/1
   428 | D:1      | Reached skill level 1 in Dodging
   454 | D:1      | Found a faded altar of an unknown god.
   599 | D:1      | Reached XP level 3. HP: 29/33 MP: 2/2
  1422 | D:2      | Reached XP level 4. HP: 40/40 MP: 3/3
  1652 | D:3      | Found a glowing drain.
  1673 | Sewer    | Entered a sewer
  2040 | Sewer    | Noticed a kobold brigand
  2040 | Sewer    | Noticed a kobold brigand
  2051 | Sewer    | Killed a kobold brigand
  2052 | Sewer    | Reached XP level 5. HP: 47/47 MP: 4/4
  2058 | Sewer    | Reached XP level 6. HP: 55/55 MP: 5/5
  2178 | Sewer    | Reached skill level 5 in Fighting
  2178 | Sewer    | Reached skill level 5 in Armour
  2178 | Sewer    | Reached skill level 5 in Shields
  3442 | D:4      | Found Qawk's Jewellery Shop.
  3462 | D:4      | Noticed Natasha
  3474 | D:4      | Killed Natasha
  3482 | D:4      | Noticed Natasha
  3489 | D:4      | Killed Natasha
  3586 | D:4      | Found Ubraaw's Weapon Shop.
  3709 | D:4      | Reached XP level 7. HP: 61/61 MP: 6/6
  3740 | D:4      | Found Tuket's Distillery.
  3809 | D:4      | Found a staircase to the Ecumenical Temple.
  3813 | D:4      | Found Tuaqiempei's Armour Shoppe.
  3819 | Temple   | Entered the Ecumenical Temple
  4155 | Temple   | Became a worshipper of Warmaster Okawaru
  4739 | D:4      | Noticed Natasha
  4747 | D:4      | Killed Natasha
  4753 | D:4      | Reached skill level 5 in Maces & Flails
  4972 | D:5      | Entered Level 5 of the Dungeon
  5038 | D:5      | Paralysed by an orc for 4 turns
  5304 | D:5      | Reached XP level 8. HP: 30/70 MP: 7/7
  5607 | D:5      | Reached * piety under Okawaru
  5839 | D:5      | Identified the +0 robe "Benic" {rPois}
  6282 | D:6      | Slain by an ogre

Illustrated notes

Levels and vault maps discovered:
D:1:      elethiomel_arrival_maze, layout_basic,
          dreamdust_ecumenical_altar_angels_and_demons
D:2:      minmay_evil_eye, layout_rooms
D:3:      layout_basic, portal_sewer_entry_d
D:4:      layout_basic, temple_fountains, serial_shops, nicolae_shop_stone,
          shop, shop, nicolae_lakefront_shop, uniq_natasha
D:5:      layout_basic
D:6:      layout_loops_cross, ebering_ghost_inner_flame
Temple:   mainiacjoe_temple_trianglar_array

Skill      XL: |  1  2  3  4  5  6  7 |
---------------+----------------------+-----
Dodging        | 1 2 3 4 |  4.6
Fighting       | 4 5 6 |  6.4
Armour         | 4 5 6 |  6.4
Shields        | 4 5 6 |  6.4
Maces & Flails | 3 4 5 |  5.9

Action                   |  1- 3 |  4- 6 |  7- 9 || total
-------------------------+-------+-------+-------++-------
Melee: Flail             |   107 |   189 |   165 ||   461
       Headbutt          |     8 |    37 |    35 ||    80
  Use: Scroll            |     3 |     9 |     3 ||    15
       Potion            |       |     1 |     2 ||     3
Armor: Plate armour      |    80 |    79 |   142 ||   301
Dodge: Dodged            |    38 |    39 |    72 ||   149
Block: Buckler           |    27 |    42 |    57 ||   126

Table legend: (Time is in decaauts)
 A = Elapsed time spent in this place.
 B = Non-inter-level travel time spent in this place.
 C = Inter-level travel time spent in this place.
 D = Time resting spent in this place.
 E = Time spent auto-exploring this place.
 F = Levels seen in this place.
 G = Mean time per level.
                   A        B        C        D        E       F      G
               +--------+--------+--------+--------+--------+-----+--------+
         Total |   6556 |   6089 |    467 |    257 |   4533 |   8 |  819.5 |
       Dungeon |   5122 |   4686 |    436 |    257 |   3468 |   6 |  853.7 |
        Temple |    426 |    395 |     31 |      0 |    390 |   1 |  426.0 |
         Sewer |   1007 |   1007 |      0 |      0 |    675 |   1 | 1007.0 |
               +--------+--------+--------+--------+--------+-----+--------+

Top non-repeatable levels by time:
     D:4: 1444 daAuts
     D:5: 1183 daAuts
     D:1: 1106 daAuts
   Sewer: 1007 daAuts
     D:3: 965 daAuts
  Temple: 426 daAuts
     D:2: 408 daAuts
     D:6: 15 daAuts
